[Event "Mitropa Cup Open 2022"]
[Site "Corte"]
[Date "2022.05.08"]
[Round "9.5"]
[White "Erdos, Viktor"]
[Black "Moroni, Luca Jr"]
[Result "1/2-1/2"]
[ECO "C50"]
[WhiteElo "2587"]
[BlackElo "2581"]
[Annotator "TA"]
[PlyCount "28"]
[EventDate "2022.04.30"]
[EventType "team-tourn"]
[EventCountry "FRA"]
[SourceTitle "playchess.com"]
[Source "ChessBase"]
[SourceQuality "1"]
[WhiteTeam "Hungary"]
[BlackTeam "Italy"]
[WhiteTeamCountry "HUN"]
[BlackTeamCountry "ITA"]
[TimeControl "40/5400+30:1800+30"]

1. e4 e5 2. Nf3 Nc6 3. Bc4 Bc5 4. d3 Nf6 5. Nc3 d6 6. Na4 Bb6 {[%emt 0:00:06] C50: Hungarian Defence and Giuoco Pianissimo.} 7. a3 Be6 8. Bxe6 fxe6 9. O-O O-O 10. b4 Qe8 11. c3 {[%emt 0:02:06] [#]} Qh5 $5 $146 {[%emt 0:05:55][%mdl 8] An interesting novelty.} ({Predecessor:} 11... Ne7 12. Nb2 c6 13. Nc4 Bc7 14. Re1 b5 15. Ncd2 a5 16. Bb2 Nh5 17. g3 Qf7 {1-0 (39) Noritsyn,N (2512)-Erigaisi,A (2559) Chess.com INT 2020}) 12. Ra2 h6 13. Re1 Rf7 14. h3 Raf8 {Weighted Error Value: White=0.03 (flawless) /Black=0.05 (flawless)} 1/2-1/2

[Event "Mitropa Cup Open 2022"]
[Site "Corte"]
[Date "2022.05.08"]
[Round "9.6"]
[White "Pelletier, Yannick"]
[Black "Druska, Juraj"]
[Result "1/2-1/2"]
[ECO "D41"]
[WhiteElo "2556"]
[BlackElo "2508"]
[Annotator "TA"]
[PlyCount "102"]
[EventDate "2022.04.30"]
[EventType "team-tourn"]
[EventCountry "FRA"]
[SourceTitle "playchess.com"]
[Source "ChessBase"]
[SourceQuality "1"]
[WhiteTeam "Switzerland"]
[BlackTeam "Slovakia"]
[WhiteTeamCountry "SUI"]
[BlackTeamCountry "SVK"]
[TimeControl "40/5400+30:1800+30"]

1. d4 d5 2. c4 e6 3. Nf3 Nf6 4. Nc3 c5 5. cxd5 Nxd5 6. e4 Nxc3 7. bxc3 cxd4 8. cxd4 Bb4+ 9. Bd2 Bxd2+ 10. Qxd2 O-O 11. Bc4 Nd7 12. O-O b6 13. Rad1 Bb7 14. Rfe1 Rc8 {[%emt 0:00:05] D41: Queen's Gambit Declined: Semi-Tarrasch with 5 cxd5.} 15. Bb3 Re8 16. Re3 Nf6 17. Qe1 Ng4 18. Re2 Ba6 19. Red2 Bc4 {[%emt 0:00:13] [#]} 20. Bc2 $146 ({Predecessor:} 20. Bxc4 Rxc4 21. Qe2 Rc7 22. Qd3 Nf6 23. d5 exd5 24. e5 Nd7 25. Qxd5 Qe7 26. Qb5 {½-½ (40) Praggnanandhaa,R (2612)-Duda,J (2760) Wijk aan Zee 2022}) 20... b5 21. h3 Nf6 22. Ne5 Bxa2 23. Ra1 Bc4 24. Rxa7 Re7 25. Qa1 Rxa7 26. Qxa7 Qc7 27. Qxc7 Rxc7 28. f3 Nd7 29. Nxc4 bxc4 $11 {[%emt 0:09:47][%mdl 4096] Endgame KRB-KRN} 30. Ba4 Kf8 31. Rc2 Nb6 32. Bb5 Ra7 33. Kf2 g5 34. Ke2 Ke7 35. Bxc4 Ra4 36. Kd3 Ra3+ 37. Ke2 (37. Rc3 $5 Nxc4 38. Kxc4 $14) 37... Ra4 38. Bb5 Rxd4 39. Rc7+ Kf8 $1 40. Rc6 {[%emt 0:04:22] [#] Threatens to win with Ke3.} Na4 41. Rc8+ Kg7 42. Rc7 {[%emt 0:02:12] With the idea Be8.} Kf8 {[%emt 0:01:30] Inhibits Be8.} 43. Rc8+ Kg7 44. Be8 {[%emt 0:00:26] White wants to play Rc7.} f5 $1 45. Rc7+ Kf6 46. exf5 exf5 47. Bxa4 {[%emt 0:02:59] The position is equal.} Rxa4 48. Rxh7 {[%emt 0:00:08] KR-KR} Ra2+ 49. Kf1 g4 50. hxg4 fxg4 51. fxg4 Ra4 {[%emt 0:00:20] Weighted Error Value: White=0.04 (flawless) /Black=0.03 (flawless)} 1/2-1/2

[Event "Mitropa Cup Open 2022"]
[Site "Corte"]
[Date "2022.05.08"]
[Round "9.6"]
[White "Sonis, Francesco"]
[Black "Kozak, Adam"]
[Result "1-0"]
[ECO "A37"]
[WhiteElo "2547"]
[BlackElo "2532"]
[Annotator "TA"]
[PlyCount "133"]
[EventDate "2022.04.30"]
[EventType "team-tourn"]
[EventCountry "FRA"]
[SourceTitle "playchess.com"]
[Source "ChessBase"]
[SourceQuality "1"]
[WhiteTeam "Italy"]
[BlackTeam "Hungary"]
[WhiteTeamCountry "ITA"]
[BlackTeamCountry "HUN"]
[TimeControl "40/5400+30:1800+30"]

1. c4 c5 2. Nc3 Nc6 3. g3 g6 4. Bg2 Bg7 5. Nf3 Rb8 6. O-O d6 7. e3 Nf6 8. d4 O-O 9. b3 {[%emt 0:07:21] E65: King's Indian: Fianchetto: 6...c5 7 0-0 without d5 by White.} Bg4 10. h3 Bxf3 11. Bxf3 {[%emt 0:00:05] The position is equal.} Nd7 12. Ne2 {[%emt 0:01:00] [#]} e5 $146 ({Predecessor:} 12... Qb6 13. Bb2 Rbd8 14. Rb1 Rfe8 15. Bg2 a6 16. Qd2 Qa7 17. Rfd1 Rb8 18. Nf4 Rec8 19. dxc5 Qxc5 20. Bxg7 Kxg7 {½-½ (44) Puhlmann,R (2083)-Gazmaga,S (2158) Germany 2015}) 13. Bb2 exd4 14. exd4 Qf6 15. Kg2 (15. Bg4 Rfd8 $11) 15... Nxd4 16. Nxd4 cxd4 17. Re1 Nc5 {[%emt 0:02:38] Prevents Re4.} 18. Qd2 b5 19. cxb5 Rxb5 20. Qe2 Rb6 21. Qc4 a5 22. Rad1 Qf5 (22... Ne6 $11 {remains equal.}) 23. Bg4 $16 {[%emt 0:11:58][%mdl 1024] White has strong compensation.} (23. Bxd4 $6 Rb4 24. Bxg7 (24. Qc3 $2 Rxd4 25. Rxd4 Ne6 $19) 24... Rxc4 25. Bxf8 Re4 26. Bxd6 Rxe1 27. Rxe1 Nd3 28. Re8+ Kg7 $11) 23... Qg5 24. Bc1 ({White must play} 24. Bxd4 $16 {Threatening Be3.} Bxd4 25. Qxd4) 24... Qd8 $11 25. Bd2 Rb8 (25... a4 $5) 26. h4 h5 (26... Ne4 $5) 27. Bf3 Qb6 28. Bd5 {[%emt 0:01:08] next Re7 is good for White. This bishop pair is nice.} Qa7 {[%emt 0:02:46] Prevents Re7.} 29. Re2 d3 30. Re3 Bh6 31. Rf3 (31. f4 $5 ) 31... Bxd2 32. Rxd2 Qe7 $1 33. a3 ({White should try} 33. Re3 $11 Qf6 34. Rf3) 33... Qe1 $2 (33... Nxb3 $2 34. Qxd3 Kg7 35. Bxb3 $18) (33... Rxb3 $15 {stays ahead.} 34. Qf4 Rxa3) 34. Bxf7+ Kg7 (34... Kh7 $2 35. Rdxd3 Qe4 36. Rxd6 Qxc4 37. bxc4 $18) 35. b4 axb4 $1 {[%emt 0:01:21] [#]} (35... Qxd2 36. Qd4+ Kh7 37. bxc5 $16) 36. axb4 {[%emt 0:00:01] Really sharp!} Nd7 (36... Qxd2 37. Qd4+) 37. Rdxd3 Ne5 $2 (37... Rxb4 $11 38. Qc2 (38. Qe6 Qxe6 39. Bxe6 Rxf3 $11) 38... Rxf7 39. Rxf7+ Kxf7 40. Rf3+ Ke7 41. Re3+ Qxe3 42. fxe3 Ne5) 38. Qe6 $40 {[%emt 0:00:41][%mdl 128] Black is in trouble.} Qe4 (38... Rxb4 $2 39. Qf6+ Kh6 40. Rde3 $1 Qxe3 41. Rxe3 $18) 39. Rde3 Qg4 40. Qf6+ (40. Rxe5 $16 {White wants to mate with Qf6+.} Qxe6 41. Rxe6 Rxf7 42. Rd3 (42. Rxd6 Rxb4 43. Rxf7+ Kxf7 $16)) 40... Kh7 $2 (40... Kh6 $14 41. Rxe5 dxe5) 41. Qe7 (41. Rxe5 $142 dxe5 42. Qe7 Qxb4 43. Bg8+ $1 Kxg8 44. Rxf8+ Rxf8 45. Qxb4) 41... Kh6 42. Rxe5 dxe5 43. Rf6 {[%emt 0:00:00] White threatens f3 and mate. Active counter play!} Qe4+ 44. Kh2 {[%emt 0:00:00] Qd6 would kill now.} Qc2 45. Rxg6+ (45. Qxe5 $142 Rb6 {[#]} 46. Bxg6 $1 Qxf2+ 47. Rxf2 Rxf2+ 48. Kg1 Kxg6 49. Kxf2) 45... Qxg6 46. Bxg6 Kxg6 {[%emt 0:00:10][%mdl 4096] Endgame KQ-KRR} 47. Qg5+ Kh7 48. Qxh5+ Kg8 49. Qg5+ Kh7 50. Kg2 Rf7 51. Qh5+ Kg8 52. Qg6+ Rg7 53. Qe6+ Kh7 54. Qf5+ Kg8 55. h5 {[%emt 0:00:00][%cal Bh4h5,Bh5h6][%mdl 32] Hoping for h6.} Rxb4 56. h6 Rgb7 57. g4 R4b6 58. g5 Rf7 59. Qxe5 Kh7 60. Qe4+ Rg6 61. Kg3 Kh8 62. f4 ({Not} 62. Qxg6 Rf3+ 63. Kg4 Rf4+ 64. Kg3 Rf3+ 65. Kh2 (65. Kg4 Rf4+ 66. Kh5 Rh4+ 67. Kxh4 $11) 65... Rxf2+ 66. Kg1 Rf1+ 67. Kg2 Rf2+ 68. Kg3 Rf3+ 69. Kh4 Rf4+ 70. Kg3 Rf3+ 71. Kg4 Rf4+ 72. Kg3 Rf3+ $11) 62... Kh7 63. Kg4 Kh8 64. f5 Rg8 65. Qe5+ Kh7 66. g6+ Kxh6 67. Qh2+ {[%emt 0:00:00] Weighted Error Value: White=0.27 (precise) /Black=0.24 (precise)} 1-0

[Event "Mitropa Cup Open 2022"]
[Site "Corte"]
[Date "2022.05.08"]
[Round "9.7"]
[White "Sahidi, Samir"]
[Black "Gallagher, Joseph G."]
[Result "1-0"]
[ECO "E97"]
[WhiteElo "2459"]
[BlackElo "2441"]
[Annotator "TA"]
[PlyCount "75"]
[EventDate "2022.04.30"]
[EventType "team-tourn"]
[EventCountry "FRA"]
[SourceTitle "playchess.com"]
[Source "ChessBase"]
[SourceQuality "1"]
[WhiteTeam "Slovakia"]
[BlackTeam "Switzerland"]
[WhiteTeamCountry "SVK"]
[BlackTeamCountry "SUI"]
[TimeControl "40/5400+30:1800+30"]

1. d4 Nf6 2. c4 g6 3. Nc3 Bg7 4. e4 d6 5. Nf3 O-O 6. Be2 e5 7. O-O Nc6 8. d5 Ne7 9. Be3 Ng4 10. Bg5 f6 11. Bh4 Nh6 {[%emt 0:13:07][%cal Bg4h6,Bh6f5,Bf5e3][%mdl 32] E97: King's Indian: Classical Main Line (6...e5 7 0-0 Nc6): 8 Be3 and 8 d5 Ne7, not 9 Ne1.} 12. Ne1 g5 13. Bg3 Ng6 {[%emt 0:01:47] The position is equal.} 14. Nc2 f5 15. exf5 Nxf5 16. Bg4 {[%emt 0:02:13] [#]} Bd7 $146 (16... Nf4 {looks sharper.} 17. Ne4 Qe8 18. Nxg5 Qg6) ({Predecessor:} 16... Nf4 17. Ne3 Nd4 18. Bxc8 Rxc8 19. Nc2 c5 20. dxc6 bxc6 21. Nxd4 exd4 22. Ne4 h6 23. Bxf4 Rxf4 {½-½ (44) Rodgaard,J (2352)-Jere,D (2267) Khanty-Mansiysk 2010}) 17. Ne3 Nxe3 18. fxe3 Rxf1+ 19. Kxf1 e4 20. Nxe4 Qe7 21. Nf2 {[%emt 0:07:27] Active counter play!} Bxb2 22. Rb1 Be5 23. Rxb7 Bxg3 24. hxg3 {[%emt 0:00:45] Black must now prevent Qd4.} Rf8 {[%emt 0:02:20][%cal Oe7f6] [#] And now ...Qf6! would win.} 25. Bxd7 Qxd7 26. Kg1 Ne5 27. Qc2 (27. Qd4 $16) 27... a5 (27... h5 $11) 28. a4 (28. e4 $16) 28... Qf7 $2 {[%emt 0:01:04][%mdl 8192] [#] Loses the game.} (28... Qc8 $11 29. Rb1 Ng4 30. Nxg4 Qxg4) 29. c5 $1 $18 {Threatens to win with cxd6.} dxc5 (29... Qg6 $142 30. Qxg6+ hxg6 31. Rxc7 dxc5) 30. d6 $1 Rc8 31. Qxc5 Qxf2+ 32. Kxf2 Nd3+ 33. Ke2 {[%emt 0:00:13] Intending Qxc7 and mate.} Nxc5 34. Rxc7 Ra8 35. Rxc5 {[%emt 0:00:08] White wants to mate with d7.} Kf7 36. d7 {[%emt 0:05:45] Rc8 would kill now.} Rd8 37. Rd5 Ke7 (37... Ke6 $142 38. Rxa5 Rxd7 39. Rxg5 Kd6) 38. Kd3 {[%emt 0:00:38] Weighted Error Value: White=0.16 (very precise) /Black=0.48} 1-0

[Event "Mitropa Cup Open 2022"]
[Site "Corte"]
[Date "2022.05.08"]
[Round "9.7"]
[White "Nemeth, Miklos"]
[Black "Lodici, Lorenzo"]
[Result "1-0"]
[ECO "B53"]
[WhiteElo "2446"]
[BlackElo "2549"]
[Annotator "TA"]
[PlyCount "85"]
[EventDate "2022.04.30"]
[EventType "team-tourn"]
[EventCountry "FRA"]
[SourceTitle "playchess.com"]
[Source "ChessBase"]
[SourceQuality "1"]
[WhiteTeam "Hungary"]
[BlackTeam "Italy"]
[WhiteTeamCountry "HUN"]
[BlackTeamCountry "ITA"]
[TimeControl "40/5400+30:1800+30"]

1. e4 c5 2. Nf3 d6 3. d4 cxd4 4. Qxd4 Nc6 5. Bb5 a6 6. Bxc6+ bxc6 7. O-O e5 8. Qd3 Nf6 {[%emt 0:00:31] 8...Ne7 is setting a new trend. B51: Sicilian: Moscow Variation (3 Bb5+) without 3...Bd7.} 9. c4 Be7 10. Nc3 Nd7 {[%emt 0:08:47] The position is equal.} 11. Be3 {[%emt 0:01:40] [#]} a5 $146 ({Predecessor:} 11... O-O 12. b4 Nb6 13. a4 Be6 14. Nd2 f5 15. b5 fxe4 16. Qxe4 axb5 17. axb5 c5 {0-1 (86) Keller,D (2420)-Nemet,I (2420) Switzerland 1989}) 12. b3 Nf8 13. Rfd1 Bg4 14. c5 Bxf3 15. gxf3 dxc5 16. Qxd8+ Rxd8 17. Rxd8+ Kxd8 18. Na4 Ne6 19. Bd2 h5 20. Bxa5+ Kc8 21. Bd2 h4 22. Be3 Rd8 23. Kg2 Kb7 24. Rc1 Rd3 ({Better is} 24... Kc7 $11) 25. Kf1 (25. Nxc5+ Bxc5 26. Bxc5 Rd2 $11) (25. Bxc5 Bg5 26. Be3 Bxe3 27. fxe3 Rd2+ 28. Kh3 Rxa2 $11) (25. Nb2 $14 Rd8 26. Kh3) 25... h3 $11 26. Ke1 Ka6 (26... Kc7 $11) 27. Rc4 (27. Bxc5 $14 {might be stronger.} Bh4 28. Nb2 Nxc5 29. Rxc5 Rxf3 30. Rxc6+ Kb5 31. Rc2) 27... Kb5 {[%emt 0:01:30] [#]} (27... Kb7 $11 {keeps the balance.}) 28. Nb2 $1 $16 {[%emt 0:03:27] Black is now going downhill.} Rd8 {[%emt 0:00:13] [#]} (28... Rd7 $16 {was called for.}) 29. Ra4 $1 $18 Kb6 30. Nc4+ Kb7 31. Nxe5 Rf8 (31... f6 $142) 32. Nd3 Bd6 (32... g5 {might work better.} 33. Kd2 Rd8) 33. e5 Bc7 34. f4 {[%emt 0:00:50][%cal Bf3f4,Bf4f5][%mdl 32] Hoping for f5.} (34. Nxc5+ Nxc5 35. Bxc5 Rg8 $18) 34... Bb6 35. f5 Nc7 36. Bxc5 Rd8 37. Bxb6 Kxb6 {[%emt 0:00:02][%mdl 4096] Endgame KRN-KRN} 38. Nf4 Nb5 {[%emt 0:00:31] Threatens to win with ...Nc3.} 39. Rc4 {[%emt 0:00:32] Prevents Nc3.} (39. Nxh3 Nc3 40. Rb4+ Ka5 41. Ra4+ Nxa4 42. bxa4 c5 $17) 39... Nd4 40. e6 {[%emt 0:01:19][%cal Oc4d4,Be5e6,Be6f7][%mdl 32] Black must now prevent Rxd4!} ({Don't take} 40. Nxh3 $6 Nf3+ 41. Ke2 Nxe5 $18) 40... g5 $2 {[%emt 0:01:16] [#]} (40... Nxf5 41. exf7 Rf8 42. Rb4+ (42. Nxh3 Rxf7 43. Ng5 Ra7 $18) 42... Ka5 43. Ra4+ Kb6 44. Rb4+ (44. Nxh3 Rxf7 45. Ng5 Rf8 $18) 44... Ka5 45. Ra4+ Kb5 46. Nxh3 (46. Ra7 Nd6 $18) 46... Rxf7) 41. Rxd4 $1 Rxd4 {[%emt 0:30:11] [#]} (41... Re8 42. Nxh3) 42. exf7 $1 Rd8 (42... Rxf4 43. f8=Q) 43. Ne6 {[%emt 0:00:05] Weighted Error Value: White=0.12 (very precise) /Black=0.42} 1-0

[Event "Mitropa Cup Open 2022"]
[Site "Corte"]
[Date "2022.05.08"]
[Round "9.8"]
[White "Di Benedetto, Edoardo"]
[Black "Csiki, Endre"]
[Result "1/2-1/2"]
[ECO "D30"]
[WhiteElo "2401"]
[BlackElo "2399"]
[Annotator "TA"]
[PlyCount "74"]
[EventDate "2022.04.30"]
[EventType "team-tourn"]
[EventCountry "FRA"]
[SourceTitle "playchess.com"]
[Source "ChessBase"]
[SourceQuality "1"]
[WhiteTeam "Italy"]
[BlackTeam "Hungary"]
[WhiteTeamCountry "ITA"]
[BlackTeamCountry "HUN"]
[TimeControl "40/5400+30:1800+30"]

1. d4 d5 2. c4 e6 3. Nf3 Nf6 4. g3 Bb4+ 5. Bd2 Bd6 6. Bg2 c6 7. O-O O-O 8. Qc2 Nbd7 9. Bg5 h6 10. Bxf6 Nxf6 11. Nbd2 {[%emt 0:01:08] The position is equal.} b6 {[%emt 0:00:05] E01: Catalan: Early deviations.} 12. e4 dxe4 13. Nxe4 Nxe4 14. Qxe4 Ba6 15. Ne5 Qc7 16. Qxc6 (16. Nxc6 {looks sharper.} Bxc4 17. Rfc1 Bd5 18. Qg4) 16... Bxe5 17. dxe5 Qxc6 18. Bxc6 Rac8 19. Bb5 Bxb5 20. cxb5 $11 {[%emt 0:00:06][%mdl 4096] [#] Endgame KRR-KRR} Rc5 $146 ({Predecessor:} 20... Rc2 21. Rab1 Rfc8 22. a4 g5 23. b3 {½-½ (23) Jones,B (2290)-Dean,P (2307) ICCF email 2017}) 21. a4 Rxe5 22. Rfd1 a6 23. bxa6 Ra8 24. Rac1 Rxa6 25. Rc8+ Kh7 26. Rb8 Rxa4 27. Rxb6 Rc4 28. Rd2 {[%emt 0:05:42] Against Rc2} Rec5 29. b4 Rc2 30. Rxc2 Rxc2 {[%emt 0:00:05] KR-KR} 31. Rb7 Rb2 32. h4 h5 33. b5 Kg6 34. b6 f6 35. Rb8 Kf5 36. Rg8 Kg6 37. Rb8 Kf5 {[%emt 0:00:03] An even fight not without its subleties.  Weighted Error Value: White=0.02 (flawless) /Black=0.02 (flawless)} 1/2-1/2

[Event "Mitropa Cup Open 2022"]
[Site "Corte"]
[Date "2022.05.08"]
[Round "9.8"]
[White "Fecker, Noah"]
[Black "Haring, Filip"]
[Result "0-1"]
[ECO "B42"]
[WhiteElo "2387"]
[BlackElo "2434"]
[Annotator "TA"]
[PlyCount "76"]
[EventDate "2022.04.30"]
[EventType "team-tourn"]
[EventCountry "FRA"]
[SourceTitle "playchess.com"]
[Source "ChessBase"]
[SourceQuality "1"]
[WhiteTeam "Switzerland"]
[BlackTeam "Slovakia"]
[WhiteTeamCountry "SUI"]
[BlackTeamCountry "SVK"]
[TimeControl "40/5400+30:1800+30"]

1. e4 c5 2. Nf3 e6 3. d4 cxd4 4. Nxd4 a6 5. Bd3 Bc5 6. Nb3 Ba7 7. Qg4 Nf6 8. Qg3 {[%emt 0:00:13] Black must now prevent e5.} d6 {[%emt 0:00:26] B42: Sicilian: Kan Variation: 5 Bd3.} 9. Nc3 ({But not} 9. Qxg7 Rg8 10. Qh6 Bxf2+ $1 11. Kd1 Rxg2 $17) 9... Nc6 10. Bd2 (10. Qxg7 Rg8 11. Qh6 Bxf2+ $1 12. Kd1 Rg6 $17) 10... b5 {[%emt 0:01:46] The position is equal.} 11. a3 ({Much worse is} 11. Qxg7 Rg8 12. Qh6 Bxf2+ $1 13. Kd1 Ne5 $17) 11... Ne5 12. Be2 {[%emt 0:13:58] [#]} O-O $146 ({Predecessor:} 12... h5 13. Be3 Bxe3 14. Qxe3 Rb8 15. Qd4 Qb6 16. O-O-O Qxd4 17. Rxd4 Rb6 18. f4 Ng6 {½-½ (77) Kochavi,D (1895)-Lapushnian,M (1503) Tel Aviv 2021}) 13. Bg5 Kh8 ({Better is} 13... Ned7) 14. O-O-O ({White should play} 14. f4 $1 $16 Nc4 15. O-O-O) 14... Qb6 15. Be3 (15. Rhf1 $16) 15... Qb8 $11 16. Bxa7 Rxa7 17. Rd4 (17. f4 $5 Nc4 18. Rhf1 $11) 17... Ne8 18. Qh4 (18. f4 $11 Ng6 19. Rd2) 18... Ng6 (18... Bd7 $1 $17) 19. Qg3 $1 $15 e5 20. Rd2 Nf4 {[%emt 0:07:15] Threatening ...Bd7.} 21. Nd5 (21. Bf1 $1 $11 {remains equal.}) 21... Nxd5 $17 22. exd5 {[%emt 0:01:21] [#]} a5 $1 23. f4 a4 $36 {[%emt 0:00:57][%mdl 2048] Keeping White busy.} 24. Na1 Nf6 {[%emt 0:00:56] aiming for ...b4.} 25. Qe3 Re7 26. Rf1 (26. c3 $17) 26... Qb7 27. f5 e4 (27... Rc7 $17 {...b4 is the strong threat.} 28. Kb1 Bd7) 28. Qd4 $2 {[%emt 0:02:31] [#] Now White is beyond hope.} (28. g4 $15) 28... e3 $1 $19 29. Rdd1 Re4 30. Qd3 b4 31. axb4 Rxb4 32. Qa3 Bd7 {[%emt 0:01:25] Hoping for ...Rb8.} 33. c3 Rb6 {[%emt 0:00:14] Threatens to win with ...Rb8.} 34. Nc2 $2 (34. Rf4 Nxd5 35. Bf3) 34... Rb3 {[%emt 0:00:59] Black is clearly winning.} 35. Qxd6 Rb8 36. Rf4 {[%emt 0:01:17] [#]} Rxc3 $3 37. Qxb8+ (37. Rb4 Rxc2+) 37... Qxb8 38. bxc3 Qxf4 {[%emt 0:00:04] Weighted Error Value: White=0.70/Black=0.13 (very precise)} 0-1